[Event "106th British-ch Major 2019"]
[Site "Torquay"]
[Date "2019.07.27"]
[Round "1.1"]
[White "Clarke, Brandon Gi"]
[Black "Ifalore, Michael"]
[Result "1-0"]
[ECO "C95"]
[WhiteElo "2433"]
[BlackElo "1907"]
[Annotator "NA"]
[PlyCount "69"]
[EventDate "2019.07.27"]
[EventType "swiss"]
[EventCountry "GBR"]
[SourceTitle "playchess.com"]
[Source "ChessBase"]
[SourceQuality "1"]
[TimeControl "40/5400+30:1800+30"]

1. e4 e5 2. Nf3 Nc6 3. Bb5 a6 4. Ba4 Nf6 5. O-O b5 6. Bb3 Be7 7. Re1 O-O 8. c3 d6 9. h3 Nb8 10. d4 Nbd7 11. Nbd2 Bb7 12. Bc2 Re8 13. Nf1 Bf8 14. Ng3 g6 15. a4 c5 16. d5 c4 17. Bg5 Nc5 18. Qd2 Be7 19. Bh6 Nfd7 20. Nh2 Nxa4 21. Bxa4 bxa4 22. Rxa4 Nc5 23. Rxc4 a5 24. Ng4 Ba6 25. Rxc5 dxc5 26. Nxe5 Qc7 27. Ng4 Rad8 28. e5 Bc8 29. d6 Qc6 30. Qf4 Bxg4 31. dxe7 Rd1 32. Rxd1 Bxd1 33. Ne4 Rxe7 34. Nf6+ Kh8 35. Bf8 1-0

[Event "106th British-ch Major 2019"]
[Site "Torquay"]
[Date "2019.07.27"]
[Round "1.2"]
[White "Pink, Joshua"]
[Black "Payne, Matthew J"]
[Result "1/2-1/2"]
[ECO "A03"]
[WhiteElo "1907"]
[BlackElo "2168"]
[Annotator "NA"]
[PlyCount "94"]
[EventDate "2019.07.27"]
[EventType "swiss"]
[EventCountry "GBR"]
[SourceTitle "playchess.com"]
[Source "ChessBase"]
[SourceQuality "1"]
[TimeControl "40/5400+30:1800+30"]

1. f4 Nf6 2. Nf3 g6 3. d3 d5 4. e3 Bg7 5. Be2 O-O 6. O-O c5 7. Nc3 Nc6 8. e4 d4 9. Nb1 a6 10. a4 Rb8 11. Qe1 b5 12. axb5 axb5 13. Qh4 e5 14. f5 Ne8 15. Bg5 f6 16. fxg6 hxg6 17. Bh6 Qd7 18. Bxg7 Qxg7 19. Nbd2 Nd6 20. Qg3 Be6 21. Ra6 Rfc8 22. Nh4 g5 23. Bg4 Bxg4 24. Qxg4 Qe7 25. Nf5 Nxf5 26. Qxf5 Kg7 27. Rf3 Ra8 28. Rh3 Kg8 29. Rxa8 Rxa8 30. Rh6 Rf8 31. Rg6+ Kf7 32. Rxg5 Ke8 33. Rh5 Qd7 34. Qg6+ Qf7 35. Qxf7+ Kxf7 36. Rh7+ Ke6 37. Rb7 Rb8 38. Nb3 c4 39. dxc4 Rxb7 40. Nc5+ Ke7 41. Nxb7 bxc4 42. Kf2 Nb4 43. Na5 c3 44. bxc3 dxc3 45. Ke2 Nxc2 46. Kd3 Ne1+ 47. Kxc3 Nxg2 1/2-1/2

[Event "106th British-ch Major 2019"]
[Site "Torquay"]
[Date "2019.07.27"]
[Round "1.3"]
[White "Taylor, Adam A"]
[Black "Nayak, Raghav"]
[Result "1-0"]
[ECO "B27"]
[WhiteElo "2168"]
[BlackElo "1906"]
[Annotator "NA"]
[PlyCount "61"]
[EventDate "2019.07.27"]
[EventType "swiss"]
[EventCountry "GBR"]
[SourceTitle "playchess.com"]
[Source "ChessBase"]
[SourceQuality "1"]
[TimeControl "40/5400+30:1800+30"]

1. Nf3 g6 2. d4 Bg7 3. e4 c5 4. c3 Qc7 5. h3 b6 6. Be3 Nf6 7. Nbd2 O-O 8. Bd3 Bb7 9. O-O d6 10. Qe2 Nfd7 11. Rad1 h6 12. Nh2 e5 13. dxe5 Nxe5 14. Bb1 d5 15. exd5 Bxd5 16. f4 Ned7 17. f5 g5 18. Ne4 Bxe4 19. Bxe4 Nc6 20. Qb5 Nde5 21. f6 Bh8 22. h4 g4 23. Bxh6 g3 24. Nf3 Bxf6 25. Nxe5 Qxe5 26. Qxc6 Bxh4 27. Rf5 Qh8 28. Bxf8 Rxf8 29. Qd5 Be7 30. Rh5 Qf6 31. Qf5 1-0

[Event "106th British-ch Major 2019"]
[Site "Torquay"]
[Date "2019.07.27"]
[Round "1.4"]
[White "Ruane, Brendan J"]
[Black "Graham, David B"]
[Result "0-1"]
[ECO "A36"]
[WhiteElo "1904"]
[BlackElo "2162"]
[Annotator "NA"]
[PlyCount "54"]
[EventDate "2019.07.27"]
[EventType "swiss"]
[EventCountry "GBR"]
[SourceTitle "playchess.com"]
[Source "ChessBase"]
[SourceQuality "1"]
[TimeControl "40/5400+30:1800+30"]

1. g3 g6 2. Bg2 Bg7 3. d3 c5 4. e3 Nc6 5. Ne2 e5 6. c4 Nge7 7. Nbc3 O-O 8. O-O d6 9. Bd2 Rb8 10. Rc1 Nb4 11. Be1 Bf5 12. e4 Be6 13. a3 Nbc6 14. Bd2 a6 15. Nd5 b5 16. b4 cxb4 17. cxb5 axb5 18. axb4 Qd7 19. Nxe7+ Nxe7 20. Nc3 Rfc8 21. Qe2 Nc6 22. Nd5 Nd4 23. Qe3 Bxd5 24. exd5 f5 25. f4 Rxc1 26. Rxc1 exf4 27. gxf4 Nb3 0-1

[Event "106th British-ch Major 2019"]
[Site "Torquay"]
[Date "2019.07.27"]
[Round "1.5"]
[White "Ethelontis, Alexandros N"]
[Black "Paulden, Tim"]
[Result "1-0"]
[ECO "A20"]
[WhiteElo "2154"]
[BlackElo "1902"]
[Annotator "NA"]
[PlyCount "77"]
[EventDate "2019.07.27"]
[EventType "swiss"]
[EventCountry "GBR"]
[SourceTitle "playchess.com"]
[Source "ChessBase"]
[SourceQuality "1"]
[TimeControl "40/5400+30:1800+30"]

1. c4 e5 2. g3 d5 3. cxd5 Qxd5 4. Nf3 Nf6 5. Nc3 Qa5 6. Bg2 Nc6 7. d4 exd4 8. Nxd4 Nxd4 9. Qxd4 c6 10. O-O Be7 11. Rb1 O-O 12. Bf4 Rd8 13. Qe5 Qxe5 14. Bxe5 Be6 15. b4 Ng4 16. Bf4 g5 17. Bc1 Rd4 18. a3 Rad8 19. Bb2 Rd2 20. h3 Nf6 21. Rfe1 Bc4 22. Bf3 h6 23. Ba1 a6 24. Na4 Nd7 25. Bc3 Rc2 26. Rb2 Rxb2 27. Nxb2 Bb3 28. Nd3 Nb6 29. b5 Na4 30. Ba5 b6 31. Bb4 c5 32. bxa6 b5 33. Ba5 Rc8 34. a7 c4 35. Nb4 c3 36. a8=Q Rxa8 37. Bxa8 Bf6 38. Bd5 Nc5 39. Bb6 1-0

[Event "106th British-ch Major 2019"]
[Site "Torquay"]
[Date "2019.07.27"]
[Round "1.6"]
[White "Salmons, Calum"]
[Black "Guthrie, David"]
[Result "0-1"]
[ECO "B23"]
[WhiteElo "1898"]
[BlackElo "2142"]
[Annotator "NA"]
[PlyCount "102"]
[EventDate "2019.07.27"]
[EventType "swiss"]
[EventCountry "GBR"]
[SourceTitle "playchess.com"]
[Source "ChessBase"]
[SourceQuality "1"]
[TimeControl "40/5400+30:1800+30"]

1. e4 c5 2. Nc3 Nc6 3. f4 g6 4. Nf3 Bg7 5. d3 d6 6. Be3 Nf6 7. d4 cxd4 8. Nxd4 O-O 9. Bb5 Ng4 10. Bg1 Nxd4 11. Bxd4 e5 12. fxe5 Bxe5 13. Bxe5 dxe5 14. Qxd8 Rxd8 15. Nd5 Be6 16. O-O-O Bxd5 17. Rxd5 Rxd5 18. exd5 Rd8 19. h3 Nf6 20. Bc4 Ne4 21. Re1 Nd6 22. Bb3 e4 23. Kd2 f5 24. Ke3 Kf7 25. g4 Kf6 26. gxf5 Nxf5+ 27. Ke2 Ke5 28. c4 Nd4+ 29. Kd1 Kf4 30. Bc2 e3 31. Bd3 b6 32. b4 b5 33. Rf1+ Kg3 34. Rf7 bxc4 35. Bxc4 Nf3 36. Re7 Kf2 37. a4 g5 38. b5 h5 39. a5 g4 40. hxg4 hxg4 41. Rxa7 Rxd5+ 42. Kc2 Rc5 43. Kc3 Ne5 44. Kd4 Rxc4+ 45. Kxe5 e2 46. Kd5 e1=Q 47. Kxc4 Qe4+ 48. Kc5 Qe3+ 49. Kc6 Qxa7 50. b6 Qxa5 51. b7 Qd8 0-1

[Event "106th British-ch Major 2019"]
[Site "Torquay"]
[Date "2019.07.27"]
[Round "1.7"]
[White "Unnikrishnan, Midhun P"]
[Black "Morgan, Jamie"]
[Result "1-0"]
[ECO "E65"]
[WhiteElo "2142"]
[BlackElo "1894"]
[Annotator "NA"]
[PlyCount "51"]
[EventDate "2019.07.27"]
[EventType "swiss"]
[EventCountry "GBR"]
[SourceTitle "playchess.com"]
[Source "ChessBase"]
[SourceQuality "1"]
[TimeControl "40/5400+30:1800+30"]

1. Nf3 c5 2. c4 Nf6 3. g3 Nc6 4. Bg2 g6 5. d4 cxd4 6. Nxd4 Bg7 7. Nc3 O-O 8. O-O d6 9. Nxc6 bxc6 10. Bxc6 Rb8 11. Qa4 Bb7 12. Bxb7 Rxb7 13. Rb1 Nd7 14. Be3 Nc5 15. Bxc5 dxc5 16. Rfd1 Qb6 17. Qc2 e6 18. b3 Rfb8 19. Rd3 Qc7 20. Rbd1 Qe7 21. Ne4 Rc7 22. Qd2 h6 23. Rd7 Rxd7 24. Qxd7 Qf8 25. Qxa7 Ra8 26. Qb6 1-0

[Event "106th British-ch Major 2019"]
[Site "Torquay"]
[Date "2019.07.27"]
[Round "1.8"]
[White "Hilton, Tim"]
[Black "Miller, Dominic"]
[Result "1/2-1/2"]
[ECO "D00"]
[WhiteElo "1892"]
[BlackElo "2140"]
[Annotator "NA"]
[PlyCount "66"]
[EventDate "2019.07.27"]
[EventType "swiss"]
[EventCountry "GBR"]
[SourceTitle "playchess.com"]
[Source "ChessBase"]
[SourceQuality "1"]
[TimeControl "40/5400+30:1800+30"]

1. d4 Nf6 2. Nc3 d5 3. Bf4 g6 4. e3 Bg7 5. h4 h5 6. Nf3 O-O 7. Be2 c5 8. Ne5 cxd4 9. exd4 Nc6 10. Qd2 Qb6 11. O-O-O Bf5 12. Na4 Qa5 13. Qxa5 Nxa5 14. Nc5 b6 15. Ncd3 Rac8 16. f3 Nc4 17. Nb4 Nxe5 18. dxe5 a5 19. exf6 axb4 20. Bd3 Bxf6 21. Bxf5 gxf5 22. Rxd5 e6 23. Rd2 Rc4 24. g3 Rfc8 25. Be3 b5 26. f4 R4c6 27. Kb1 Ra6 28. Bd4 Be7 29. b3 Bf8 30. Rhd1 Rca8 31. c3 bxc3 32. Bxc3 b4 33. Be5 Kh7 1/2-1/2

[Event "106th British-ch Major 2019"]
[Site "Torquay"]
[Date "2019.07.27"]
[Round "1.9"]
[White "Price, Gwilym"]
[Black "Miller, George"]
[Result "1/2-1/2"]
[ECO "C10"]
[WhiteElo "2138"]
[BlackElo "1891"]
[Annotator "NA"]
[PlyCount "79"]
[EventDate "2019.07.27"]
[EventType "swiss"]
[EventCountry "GBR"]
[SourceTitle "playchess.com"]
[Source "ChessBase"]
[SourceQuality "1"]
[TimeControl "40/5400+30:1800+30"]

1. e4 e6 2. d4 d5 3. Nd2 dxe4 4. Nxe4 Nd7 5. Bd3 Ngf6 6. Qe2 c5 7. Nxf6+ Nxf6 8. dxc5 Bxc5 9. Nf3 Qb6 10. O-O Bd7 11. Ne5 a6 12. Bg5 Rd8 13. Rad1 Be7 14. Bc4 Bc8 15. Ng4 Rxd1 16. Rxd1 Nxg4 17. Qxg4 Bxg5 18. Qxg5 O-O 19. Bb3 Qc7 20. h4 h6 21. Qd2 Qe7 22. g3 Qf6 23. c3 b5 24. Bc2 Bb7 25. Qe3 Bd5 26. a3 Rd8 27. Be4 Bxe4 28. Rxd8+ Qxd8 29. Qxe4 Qd6 30. Kg2 Kf8 31. a4 Qd5 32. Qxd5 exd5 33. axb5 axb5 34. Kf3 Ke7 35. Ke3 Kd6 36. Kd4 g6 37. g4 g5 38. h5 f6 39. b4 Kc6 40. Kd3 1/2-1/2

[Event "106th British-ch Major 2019"]
[Site "Torquay"]
[Date "2019.07.27"]
[Round "1.11"]
[White "Pollack, Oscar"]
[Black "Garnett, John S"]
[Result "1-0"]
[ECO "B16"]
[WhiteElo "2088"]
[BlackElo "1885"]
[Annotator "NA"]
[PlyCount "91"]
[EventDate "2019.07.27"]
[EventType "swiss"]
[EventCountry "GBR"]
[SourceTitle "playchess.com"]
[Source "ChessBase"]
[SourceQuality "1"]
[TimeControl "40/5400+30:1800+30"]

1. e4 c6 2. d4 d5 3. Nc3 dxe4 4. Nxe4 Nf6 5. Nxf6+ gxf6 6. Nf3 Bf5 7. g3 Nd7 8. Bg2 Nb6 9. O-O Qd7 10. Qe2 O-O-O 11. a4 Bh3 12. c4 Bxg2 13. Kxg2 Qe6 14. Qxe6+ fxe6 15. b3 Nd7 16. Re1 c5 17. Rxe6 cxd4 18. Ba3 Nb8 19. Rd1 Nc6 20. Bc5 d3 21. b4 Rd7 22. b5 Nd8 23. Re3 b6 24. Bb4 e5 25. Bxf8 Rxf8 26. Nh4 Nb7 27. Rexd3 Rxd3 28. Rxd3 Nc5 29. Rd6 Nxa4 30. Nf5 Nc5 31. Ne7+ Kc7 32. Rc6+ Kd7 33. Nd5 Ne6 34. c5 bxc5 35. Ra6 h6 36. Rxa7+ Kd6 37. Ne3 f5 38. Ra6+ Kd7 39. Nc4 Nd4 40. Nxe5+ Kc7 41. Rxh6 Nxb5 42. Rc6+ Kd8 43. Rxc5 Nc7 44. Nc6+ Kd7 45. Nd4 f4 46. Rxc7+ 1-0

[Event "106th British-ch Major 2019"]
[Site "Torquay"]
[Date "2019.07.27"]
[Round "1.12"]
[White "Tombolis, Christopher"]
[Black "Shaw, Peter"]
[Result "1/2-1/2"]
[ECO "A80"]
[WhiteElo "1883"]
[BlackElo "2068"]
[Annotator "NA"]
[PlyCount "84"]
[EventDate "2019.07.27"]
[EventType "swiss"]
[EventCountry "GBR"]
[SourceTitle "playchess.com"]
[Source "ChessBase"]
[SourceQuality "1"]
[TimeControl "40/5400+30:1800+30"]

1. d4 f5 2. Nc3 d5 3. e3 Nf6 4. Bd3 e6 5. Nf3 a6 6. a4 Bd6 7. Ne2 O-O 8. c4 c6 9. b3 Qe7 10. O-O Ne4 11. Ne5 Nd7 12. Bb2 Nxe5 13. dxe5 Bb4 14. Bxe4 fxe4 15. Nf4 Bd7 16. Qg4 Rf5 17. cxd5 exd5 18. e6 Rg5 19. Qh3 Bc8 20. g3 Bd6 21. Qh4 h6 22. Nh3 Rf5 23. Qxe7 Bxe7 24. Nf4 Kh7 25. g4 Rf8 26. Rac1 g5 27. Nxd5 cxd5 28. Rc7 Re8 29. Ba3 Bxe6 30. Bxe7 Bxg4 31. Rxb7 Reb8 32. Rc7 Rc8 33. Rfc1 Rxc7 34. Rxc7 Rc8 35. Ra7 Rc1+ 36. Kg2 Bf3+ 37. Kh3 Kg6 38. Rxa6+ Kh5 39. Bf8 Bg4+ 40. Kg2 Bf3+ 41. Kh3 Bg4+ 42. Kg2 Kh4 1/2-1/2

[Event "106th British-ch Major 2019"]
[Site "Torquay"]
[Date "2019.07.27"]
[Round "1.13"]
[White "Sugden, John N"]
[Black "Roy, Ali"]
[Result "1-0"]
[ECO "E81"]
[WhiteElo "2068"]
[BlackElo "1871"]
[Annotator "NA"]
[PlyCount "77"]
[EventDate "2019.07.27"]
[EventType "swiss"]
[EventCountry "GBR"]
[SourceTitle "playchess.com"]
[Source "ChessBase"]
[SourceQuality "1"]
[TimeControl "40/5400+30:1800+30"]

1. d4 Nf6 2. c4 g6 3. Nc3 Bg7 4. e4 d6 5. f3 O-O 6. Be3 Nbd7 7. Qd2 c5 8. Nge2 cxd4 9. Nxd4 Nc5 10. Be2 a6 11. O-O Bd7 12. Rac1 Ne8 13. Nd5 e6 14. Nc3 e5 15. Nc2 f5 16. Rcd1 Ne6 17. c5 fxe4 18. Nxe4 Bc6 19. Bc4 d5 20. Bxd5 Bxd5 21. Qxd5 Qxd5 22. Rxd5 N8c7 23. Rd6 Rfd8 24. Rfd1 a5 25. Rxd8+ Rxd8 26. Rxd8+ Nxd8 27. Na3 Nd5 28. Bd2 Nc6 29. Nc4 a4 30. Kf2 Bf8 31. Na5 Ncb4 32. Bxb4 Nxb4 33. Nxb7 Kf7 34. Ke2 Nxa2 35. Kd3 Ke6 36. Kc4 Nc1 37. c6 Ne2 38. Nec5+ Ke7 39. c7 1-0

[Event "106th British-ch Major 2019"]
[Site "Torquay"]
[Date "2019.07.27"]
[Round "1.14"]
[White "Rathbone-Jones, Ifan"]
[Black "Taylor, William J"]
[Result "0-1"]
[ECO "E92"]
[WhiteElo "1855"]
[BlackElo "2062"]
[Annotator "NA"]
[PlyCount "76"]
[EventDate "2019.07.27"]
[EventType "swiss"]
[EventCountry "GBR"]
[SourceTitle "playchess.com"]
[Source "ChessBase"]
[SourceQuality "1"]
[TimeControl "40/5400+30:1800+30"]

1. d4 Nf6 2. c4 g6 3. Nc3 Bg7 4. e4 d6 5. Be2 O-O 6. Nf3 e5 7. dxe5 dxe5 8. Qxd8 Rxd8 9. Bg5 Re8 10. O-O-O h6 11. Bd2 Na6 12. Ne1 Be6 13. f3 c6 14. Be3 Kh7 15. g4 Bf8 16. a3 Nc5 17. Kc2 a5 18. Nd3 Nfd7 19. Nc1 a4 20. Nb1 Rec8 21. Nd2 b5 22. Na2 Nb6 23. Rc1 Nxc4 24. Nxc4 bxc4 25. Kc3 Rab8 26. Rb1 Rb3+ 27. Kd2 Rd8+ 28. Ke1 Rxe3 29. Nc3 Nd3+ 30. Kf1 Nxb2 31. Rxb2 Rxc3 32. Kg2 Rxa3 33. Rhb1 Rb3 34. h4 a3 35. g5 Rxb2 36. Rg1 Rxe2+ 37. Kg3 Rdd2 38. f4 Rd3# 0-1

[Event "106th British-ch Major 2019"]
[Site "Torquay"]
[Date "2019.07.27"]
[Round "1.15"]
[White "Hagesather, Arne"]
[Black "Ingham, H William"]
[Result "1-0"]
[ECO "A46"]
[WhiteElo "2046"]
[BlackElo "1854"]
[Annotator "NA"]
[PlyCount "65"]
[EventDate "2019.07.27"]
[EventType "swiss"]
[EventCountry "GBR"]
[SourceTitle "playchess.com"]
[Source "ChessBase"]
[SourceQuality "1"]
[TimeControl "40/5400+30:1800+30"]

1. d4 Nf6 2. g3 c6 3. Bg2 d6 4. Nf3 Nbd7 5. Nbd2 e5 6. dxe5 dxe5 7. Nc4 Qc7 8. Bg5 b5 9. Ncxe5 Bb7 10. Nxd7 Nxd7 11. O-O Bd6 12. Nd4 O-O 13. Nxb5 cxb5 14. Bxb7 Rab8 15. Bd5 h6 16. Be3 Nf6 17. Bf3 Rfd8 18. Qc1 Be5 19. c3 Qe7 20. Rd1 Rdc8 21. Bf4 Bxf4 22. Qxf4 b4 23. Rac1 Rb6 24. cxb4 Rxc1 25. Qxc1 Qxb4 26. Rd8+ Kh7 27. Qc2+ g6 28. Qc8 Qe7 29. b3 h5 30. h4 Re6 31. Kf1 Re5 32. Rd4 Rc5 33. Qd8 1-0

[Event "106th British-ch Major 2019"]
[Site "Torquay"]
[Date "2019.07.27"]
[Round "1.16"]
[White "Foster, Timothy"]
[Black "Lentzos, Ioanis"]
[Result "1/2-1/2"]
[ECO "A21"]
[WhiteElo "1852"]
[BlackElo "2043"]
[Annotator "NA"]
[PlyCount "82"]
[EventDate "2019.07.27"]
[EventType "swiss"]
[EventCountry "GBR"]
[SourceTitle "playchess.com"]
[Source "ChessBase"]
[SourceQuality "1"]
[TimeControl "40/5400+30:1800+30"]

1. Nf3 f5 2. d3 Nf6 3. g3 g6 4. Bg2 Bg7 5. c4 O-O 6. Nc3 d6 7. O-O e5 8. Rb1 a5 9. a3 Na6 10. b4 axb4 11. axb4 c6 12. e4 Nc7 13. Bb2 Ne6 14. Ra1 Rxa1 15. Qxa1 f4 16. Ne2 g5 17. gxf4 gxf4 18. Kh1 Ng4 19. h3 Nh6 20. Rg1 Ng5 21. Qf1 Nxf3 22. Bxf3 Qh4 23. Kh2 Kh8 24. Bc3 Nf7 25. Bg4 f3 26. Bxc8 fxe2 27. Qg2 Bh6 28. Bf5 Bf4+ 29. Kh1 Qf6 30. Qg4 Nh6 31. Qxf4 exf4 32. Bxf6+ Rxf6 33. Kg2 Nxf5 34. exf5 Rxf5 35. Kf3 Re5 36. Re1 Kg7 37. Rxe2 Rxe2 38. Kxe2 Kf6 39. d4 b5 40. d5 bxc4 41. dxc6 Ke6 1/2-1/2

[Event "106th British-ch Major 2019"]
[Site "Torquay"]
[Date "2019.07.27"]
[Round "1.17"]
[White "Rice, Chris B"]
[Black "Camp, Imogen Al"]
[Result "1/2-1/2"]
[ECO "C00"]
[WhiteElo "2040"]
[BlackElo "1850"]
[Annotator "NA"]
[PlyCount "80"]
[EventDate "2019.07.27"]
[EventType "swiss"]
[EventCountry "GBR"]
[SourceTitle "playchess.com"]
[Source "ChessBase"]
[SourceQuality "1"]
[TimeControl "40/5400+30:1800+30"]

1. c4 e6 2. e4 d5 3. exd5 exd5 4. cxd5 Qxd5 5. Nc3 Qa5 6. Bc4 Bb4 7. Qb3 Nh6 8. d4 b5 9. Bd5 c6 10. Bxh6 Bxc3+ 11. bxc3 cxd5 12. Bxg7 Rg8 13. Be5 Nc6 14. Ne2 Be6 15. Bg3 O-O-O 16. O-O Bf5 17. a4 Bd3 18. Rfe1 Rge8 19. axb5 Qxb5 20. Qxb5 Bxb5 21. Nf4 Bc4 22. f3 a5 23. Kf2 Rxe1 24. Kxe1 Rd7 25. Kd2 Ra7 26. Nd3 a4 27. Bd6 Na5 28. Nc1 Bf1 29. Bc5 Ra6 30. Ke1 Nb3 31. Nxb3 axb3 32. Rxa6 Bxa6 33. Ba3 Kd7 34. Kd2 Kc6 35. Ke3 Kb5 36. h4 Kc4 37. Bb2 Bc8 38. g4 Be6 39. Kd2 f5 40. g5 Bf7 1/2-1/2

[Event "106th British-ch Major 2019"]
[Site "Torquay"]
[Date "2019.07.27"]
[Round "1.18"]
[White "Sheerin, Alex"]
[Black "Turner, Max N"]
[Result "1/2-1/2"]
[ECO "D00"]
[WhiteElo "1845"]
[BlackElo "2026"]
[Annotator "NA"]
[PlyCount "63"]
[EventDate "2019.07.27"]
[EventType "swiss"]
[EventCountry "GBR"]
[SourceTitle "playchess.com"]
[Source "ChessBase"]
[SourceQuality "1"]
[TimeControl "40/5400+30:1800+30"]

1. d4 d5 2. Nc3 Nf6 3. Bf4 c6 4. e3 Bf5 5. f3 e6 6. g4 Bg6 7. h4 h5 8. g5 Nfd7 9. Bd3 Bxd3 10. Qxd3 g6 11. e4 a6 12. O-O-O Bg7 13. exd5 cxd5 14. Nxd5 exd5 15. Bd6 Nf8 16. Re1+ Ne6 17. Rxe6+ fxe6 18. Qxg6+ Kd7 19. Bxb8 Rxb8 20. Qxg7+ Qe7 21. Qxe7+ Kxe7 22. Ne2 Rbf8 23. f4 Kf7 24. Kd2 Kg6 25. Ke3 Rc8 26. c3 Rhf8 27. Nc1 b6 28. Nd3 Kg7 29. Ne5 Rf5 30. Rf1 Rc7 31. Rf2 Kg8 32. Rg2 1/2-1/2

[Event "106th British-ch Major 2019"]
[Site "Torquay"]
[Date "2019.07.27"]
[Round "1.19"]
[White "Cleary, Mark"]
[Black "May, Paul"]
[Result "1-0"]
[ECO "B06"]
[WhiteElo "2023"]
[BlackElo "1832"]
[Annotator "NA"]
[PlyCount "63"]
[EventDate "2019.07.27"]
[EventType "swiss"]
[EventCountry "GBR"]
[SourceTitle "playchess.com"]
[Source "ChessBase"]
[SourceQuality "1"]
[TimeControl "40/5400+30:1800+30"]

1. d4 g6 2. e4 Bg7 3. Nf3 d6 4. Bc4 a6 5. O-O b5 6. Bb3 Bb7 7. Qe2 e6 8. a4 Qd7 9. Rd1 Ne7 10. Nbd2 O-O 11. Nf1 c6 12. c3 Qc7 13. e5 Nd7 14. exd6 Qxd6 15. Ng3 Nd5 16. Ne4 Qc7 17. Bg5 N7f6 18. Nc5 Nd7 19. Ne4 N7f6 20. Bxd5 Nxd5 21. Nc5 Rae8 22. axb5 cxb5 23. Nxa6 Bxa6 24. Rxa6 Qb7 25. Ra5 Rb8 26. Rda1 h6 27. Bd2 Ra8 28. h4 Rxa5 29. Rxa5 Rb8 30. Ne5 Qb6 31. c4 b4 32. Rb5 1-0

[Event "106th British-ch Major 2019"]
[Site "Torquay"]
[Date "2019.07.27"]
[Round "1.20"]
[White "Forster, James Connor Christo"]
[Black "Menadue, Jeremy F S"]
[Result "1/2-1/2"]
[ECO "A55"]
[WhiteElo "1831"]
[BlackElo "2016"]
[Annotator "NA"]
[PlyCount "48"]
[EventDate "2019.07.27"]
[EventType "swiss"]
[EventCountry "GBR"]
[SourceTitle "playchess.com"]
[Source "ChessBase"]
[SourceQuality "1"]
[TimeControl "40/5400+30:1800+30"]

1. d4 Nf6 2. c4 d6 3. Nc3 Nbd7 4. Nf3 e5 5. e4 Be7 6. Be2 O-O 7. O-O c6 8. Qc2 Qc7 9. Rd1 a6 10. a4 a5 11. Bg5 Re8 12. Rac1 Nf8 13. Bh4 Ng6 14. Bg3 Bg4 15. h3 Bxf3 16. Bxf3 Bf8 17. Rd2 Qb6 18. Rcd1 Rac8 19. Qb1 Qb4 20. Qa2 h5 21. Kh1 h4 22. Bh2 Qb6 23. Qb1 Qb4 24. Qa2 Qb6 1/2-1/2

[Event "106th British-ch Major 2019"]
[Site "Torquay"]
[Date "2019.07.27"]
[Round "1.21"]
[White "Akeya-Price, Robert"]
[Black "Forster, Matthew"]
[Result "1/2-1/2"]
[ECO "D02"]
[WhiteElo "1974"]
[BlackElo "1825"]
[Annotator "NA"]
[PlyCount "55"]
[EventDate "2019.07.27"]
[EventType "swiss"]
[EventCountry "GBR"]
[SourceTitle "playchess.com"]
[Source "ChessBase"]
[SourceQuality "1"]
[TimeControl "40/5400+30:1800+30"]

1. d4 d5 2. Nf3 Nf6 3. g3 e6 4. Bg2 c5 5. O-O Nc6 6. Bg5 Qb6 7. Bxf6 gxf6 8. dxc5 Qxb2 9. Nbd2 Bxc5 10. c4 dxc4 11. Nxc4 Qb5 12. Nd6+ Bxd6 13. Qxd6 Ne5 14. Rfd1 Qd7 15. Qa3 Qe7 16. Qxe7+ Kxe7 17. Nxe5 fxe5 18. Rac1 Rb8 19. Rc7+ Kf6 20. Rd3 Rf8 21. Rb3 Kg6 22. Be4+ f5 23. Bxb7 Bxb7 24. Rbxb7 Rxb7 25. Rxb7 Rf7 26. Rxf7 Kxf7 27. Kf1 Kg6 28. e3 1/2-1/2

[Event "106th British-ch Major 2019"]
[Site "Torquay"]
[Date "2019.07.27"]
[Round "1.22"]
[White "Lim, Mark"]
[Black "Cusick, Peter"]
[Result "1/2-1/2"]
[ECO "A44"]
[WhiteElo "2265"]
[BlackElo "1971"]
[Annotator "NA"]
[PlyCount "103"]
[EventDate "2019.07.27"]
[EventType "swiss"]
[EventCountry "GBR"]
[SourceTitle "playchess.com"]
[Source "ChessBase"]
[SourceQuality "1"]
[TimeControl "40/5400+30:1800+30"]

1. d4 c5 2. d5 e5 3. e4 d6 4. Nc3 Be7 5. Nf3 Nf6 6. Be2 Nbd7 7. O-O a6 8. a4 Nf8 9. Nd2 Ng6 10. Nc4 O-O 11. a5 Nd7 12. Bg4 b5 13. axb6 Nxb6 14. Bxc8 Nxc8 15. Qd3 Bg5 16. Ne2 Bxc1 17. Rfxc1 Qg5 18. Qe3 Qh4 19. Ng3 Nf4 20. Ra4 Qg4 21. Rca1 h5 22. Qf3 Qd7 23. Nxh5 Ng6 24. Qf6 gxf6 25. Nxf6+ Kg7 26. Nxd7 Rd8 27. Ndb6 Nxb6 28. Nxb6 Rab8 29. Rxa6 Nf4 30. Ra8 Ne2+ 31. Kf1 Nd4 32. c3 Nb3 33. R1a4 Nd2+ 34. Ke2 Nxe4 35. Rxe4 Rxa8 36. Nxa8 Rxa8 37. Kd3 f5 38. Re2 Ra4 39. f3 Kf6 40. g3 c4+ 41. Ke3 Ra1 42. f4 Rd1 43. Rd2 Re1+ 44. Kf2 Rh1 45. Kg2 Re1 46. fxe5+ Kxe5 47. h4 f4 48. Kf2 Rh1 49. Kg2 Re1 50. Kf3 Re3+ 51. Kf2 Rxg3 52. Rd4 1/2-1/2

[Event "106th British-ch Major 2019"]
[Site "Torquay"]
[Date "2019.07.27"]
[Round "1.23"]
[White "Young, Daniel J"]
[Black "Wilson, Matthew R"]
[Result "1/2-1/2"]
[ECO "C42"]
[WhiteElo "1971"]
[BlackElo "1817"]
[Annotator "NA"]
[PlyCount "85"]
[EventDate "2019.07.27"]
[EventType "swiss"]
[EventCountry "GBR"]
[SourceTitle "playchess.com"]
[Source "ChessBase"]
[SourceQuality "1"]
[TimeControl "40/5400+30:1800+30"]

1. e4 e5 2. Nf3 Nf6 3. Nxe5 d6 4. Nf3 Nxe4 5. Nc3 Nxc3 6. dxc3 Be7 7. Be3 Nc6 8. Qd2 Bf6 9. O-O-O Be6 10. Kb1 Qd7 11. h4 O-O-O 12. Bb5 a6 13. Ba4 b5 14. Bb3 Bxb3 15. axb3 Kb7 16. Ng5 h6 17. Ne4 Qe7 18. Qd5 Rhe8 19. Nxf6 Qxf6 20. Bd4 Qe6 21. Bxg7 Rg8 22. Qxe6 fxe6 23. Bxh6 Rxg2 24. Be3 Ne5 25. Rdg1 Rxg1+ 26. Rxg1 Rh8 27. Rh1 Ng4 28. h5 Nxe3 29. fxe3 Kc6 30. Kc1 Kd5 31. Kd2 Ke4 32. Rh4+ Kf5 33. Kd3 e5 34. Rh1 d5 35. b4 Rh6 36. Rf1+ Ke6 37. Rg1 Rxh5 38. Rg6+ Kd7 39. Rxa6 Rh2 40. Rg6 c6 41. Rg7+ Kd6 42. Rg6+ Kd7 43. Rg7+ {[%emt 0:00:06] e4+ Kxe4+} 1/2-1/2

[Event "106th British-ch Major 2019"]
[Site "Torquay"]
[Date "2019.07.27"]
[Round "1.24"]
[White "Merriman, James"]
[Black "Warren, Alex M"]
[Result "1/2-1/2"]
[ECO "E70"]
[WhiteElo "1808"]
[BlackElo "1967"]
[Annotator "NA"]
[PlyCount "58"]
[EventDate "2019.07.27"]
[EventType "swiss"]
[EventCountry "GBR"]
[SourceTitle "playchess.com"]
[Source "ChessBase"]
[SourceQuality "1"]
[TimeControl "40/5400+30:1800+30"]

1. d4 Nf6 2. c4 g6 3. Nc3 Bg7 4. e4 d6 5. Nge2 O-O 6. Ng3 e5 7. d5 c6 8. Be2 a5 9. h4 h5 10. Bg5 Qb6 11. Na4 Qc7 12. Rc1 Na6 13. Be3 Nd7 14. Nf1 Ndc5 15. Nxc5 Nxc5 16. g4 hxg4 17. Bxc5 dxc5 18. Bxg4 cxd5 19. cxd5 Qb6 20. b3 Qb4+ 21. Nd2 Bh6 22. Bf3 a4 23. h5 axb3 24. axb3 Kg7 25. Rc4 Qxd2+ 26. Qxd2 Bxd2+ 27. Kxd2 b6 28. b4 Ra4 29. Rb1 Ba6 1/2-1/2